[Event "*** SCC Grand Prix: Titled Tuesday Blitz"]
[Site "Chess.com"]
[Date "2020.08.25"]
[Round "2"]
[White "tigra"]
[Black "bratkoo"]
[Result "1-0"]
[WhiteElo "2903"]
[BlackElo "2554"]
[TimeControl "180+1"]
[EndTime "10:19:21 PDT"]
[Termination "tigra won by checkmate"]

1. e4 e6 2. d4 d5 3. Nc3 Nf6 4.
e5 Nfd7 5. f4 c5 6. Nf3 Nc6 7.
Be2 cxd4 8. Nb5 Qa5+ 9. Bd2 Qb6 10. a4 Bc5 11. a5 Qd8 12. Bd3 a6 13. b4 Nxb4 14. Nbxd4 O-O 15. Bxh7+ Kxh7 16. Ng5+ Kg6 17. Qg4 f5 18. Qg3 Bxd4 19. Nxe6+ Kf7 20. Nxd8+ Rxd8 21. c3 Nc2+ 22. Kd1 Nxa1 23. cxd4 Nf8 24. Qc3 Rd7 25. Qxa1 Rc7 26. Qa2 Be6 27. Rf1 Rac8 28. Rf3 Rc4 29. Qb2 R8c7 30. Rb3 Bc8 31. Rc3 Ne6 32. Rxc4 Rxc4 33.
Be3 g5 34. fxg5 f4 35. Bf2 Nxg5 36. h3 Ne4 37. Be1 Kg6 38. Ke2 Kh5 39. Kf3 Kg5 40. Qb6 Kf5 41. Qh6 Ng5+ 42. Ke2 Ne6 43. Qh7+ Kg5 44.
Bh4# 1-0

[Event "*** SCC Grand Prix: Titled Tuesday Blitz"]
[Site "Chess.com"]
[Date "2020.08.25"]
[Round "2"]
[White "dosto07"]
[Black "A-Fier"]
[Result "0-1"]
[WhiteElo "2325"]
[BlackElo "2753"]
[TimeControl "180+1"]
[EndTime "10:19:21 PDT"]
[Termination "A-Fier won on time"]

1. e4 c5 2. Nf3 d6 3. Bb5+ Nc6 4. O-O Bd7 5. Re1 Nf6 6. c3 a6 7. Bf1 Bg4 8. h3 Bxf3 9. Qxf3 g6 10. d3 Bg7 11.
Be3 O-O 12. Nd2 Nd7 13. Qd1 b5 14. Nf3 Nb6 15. d4 cxd4 16. cxd4 Rc8 17. Qd2 d5 18. e5 Nc4 19. Bxc4 dxc4 20. Rad1 e6 21. Bh6 Qd5 22. Qf4 b4 23. Qh4 c3 24. bxc3 bxc3 25. Ng5 c2 26. Bxg7 h5 27. Rc1 Kxg7 28. Nf3 Nb4 29. Qf6+ Kg8 30.
g4 Qd8 31. Re2 Qxf6 32. exf6 Rc3 33. a3 Nd5 34. Ne1 Rxh3 35. gxh5 gxh5 36. Rexc2 Kh7 37.
Rc8 Rxc8 38. Rxc8 Nxf6 39. Rc7 Kg6 40. Kg2 Rxa3 41. Nf3 Nd5 42. Ne5+ Kg5 43. Rxf7 Nf4+ 44. Kh2 Ra2 45. Kg3 h4+ 46. Kf3 Ra3+ 47. Ke4 Nd5 48. Rg7+ Kf6 49. Rg6+ Ke7 50. Rh6 h3 51. Rh7+ Ke8 52.
Ng6 Nf6+ 0-1

[Event "*** SCC Grand Prix: Titled Tuesday Blitz"]
[Site "Chess.com"]
[Date "2020.08.25"]
[Round "2"]
[White "sergiochess83"]
[Black "Fh2411"]
[Result "0-1"]
[WhiteElo "2840"]
[BlackElo "2554"]
[TimeControl "180+1"]
[EndTime "10:19:22 PDT"]
[Termination "Fh2411 won by resignation"]

1. e4 c5 2. Nf3 e6 3. d4 cxd4 4. Nxd4 a6 5. c4 Nf6 6. Nc3 Bb4 7. Qd3 Qc7 8. Nc2 Be7 9. f4 d6 10. Qg3 O-O 11. Bd3 Nc6 12. O-O g6 13. Kh1 Bd7 14. b3 Rfe8 15. Bb2 Bf8 16. Rac1 Bg7 17. b4 Qb8 18. a3 Nh5 19. Qf3 Nd4 20. Nxd4 Bxd4 21. Nd1 Bxb2 22. Nxb2 d5 23. cxd5 exd5 24. exd5 Nf6 25.
h3 Qd6 26. Bc4 b5 27. Bb3 Bf5 28. Nd3 Be4 29. Qg3 Nh5 30. Qg5 Bxd3 31. Rfd1 Be4 32.
Rc6 Qd8 33. Qh6 Qh4 34. Kg1 Qg3 35. Rd2 0-1

[Event "*** SCC Grand Prix: Titled Tuesday Blitz"]
[Site "Chess.com"]
[Date "2020.08.25"]
[Round "2"]
[White "oganromchess"]
[Black "felipelobo"]
[Result "1-0"]
[WhiteElo "2406"]
[BlackElo "2126"]
[TimeControl "180+1"]
[EndTime "10:19:22 PDT"]
[Termination "oganromchess won on time"]

1. e4 c5 2. Ne2 e6 3. d4 cxd4 4. Nxd4 Nf6 5. Nc3 d6 6. Be3 Be7 7. g4 O-O 8. g5 Nfd7 9. h4 a6 10. Rg1 Nc6 11. Nxc6 bxc6 12. h5 Rb8 13. g6 Rxb2 14.
gxh7+ Kh8 15. h6 g6 16. Bd4+ Bf6 17. Na4 Rb8 18. c3 Bxd4 19. Qxd4+ Qf6 20. Qxd6 Rd8 21. Rg3 Bb7 22. O-O-O Ne5 23. Qc7 Rxd1+ 24. Kxd1 Rd8+ 25. Kc2 Ba8 26. Nc5 Rf8 27. Qd6 Qf4 28. Qxf8+ 1-0

[Event "*** SCC Grand Prix: Titled Tuesday Blitz"]
[Site "Chess.com"]
[Date "2020.08.25"]
[Round "2"]
[White "fianchettoer"]
[Black "BakaPG"]
[Result "0-1"]
[WhiteElo "2455"]
[BlackElo "2683"]
[TimeControl "180+1"]
[EndTime "10:19:23 PDT"]
[Termination "BakaPG won on time"]

1. Nf3 d5 2. e3 Nf6 3. c4 c6 4. Nc3 e6 5. b3 Nbd7 6. Qc2 Be7 7. Bb2 a6 8. Be2 b5 9. a3 O-O 10. Rg1 Bb7 11. g4 Rb8 12. g5 Ne8 13. h4 bxc4 14. bxc4 Nd6 15. h5 Nxc4 16. Bxc4 dxc4 17. h6 g6 18. Ne4 Qa5 19. Qxc4 c5 20. Bc3 Qb5 21.
Qxb5 axb5 22. Rg4 Ra8 23. Ne5 Nxe5 24. Bxe5 Ra4 25. f3 Bxe4 26. fxe4 Rfa8 27. Rb1 b4 28.
axb4 cxb4 29. Ke2 R4a5 30. Bf6 Bf8 31. e5 Rd5 32. Rgxb4 Bxb4 33. Rxb4 Rd7 34. d4 Kf8 35. Kf3 Ke8 36. Ke4 Rc7 37. Rb6 Kd7 38. Rd6+ Kc8 39. Rb6 Ra3 40. Rd6 Rcc3 41. Rd8+ Kc7 42. Rh8 Rxe3+ 43. Kf4 Red3 44. Ke4 Rh3 45. Bd8+ Kd7 0-1

[Event "*** SCC Grand Prix: Titled Tuesday Blitz"]
[Site "Chess.com"]
[Date "2020.08.25"]
[Round "2"]
[White "1f3_2g41-0"]
[Black "DrMamaliga"]
[Result "1-0"]
[WhiteElo "2448"]
[BlackElo "2221"]
[TimeControl "180+1"]
[EndTime "10:19:23 PDT"]
[Termination "1f3_2g41-0 won by resignation"]

1. e4 e5 2. Nf3 Nc6 3. Bb5 a6 4. Ba4 d6 5. O-O Bg4 6. h3 h5 7. Bxc6+ bxc6 8. d4 exd4 9. Qxd4 Bxf3 10. gxf3 Qf6 11.
Qc4 c5 12. Qa4+ Kd8 13. e5 Qxf3 14. Bg5+ f6 15. exd6 Bxd6 16. Re1 Ne7 17. Re3 Qd1+ 18. Kg2 Qd5+ 19. Kf1 Qxg5 20. Nc3 Re8 21. Rd1 Qf5 22. Ke2 Qd7 23. Qe4 Nc6 24. Qf3 Nd4+ 25. Rxd4 Rxe3+ 26. fxe3 cxd4 27. Qxa8+ Ke7 28. Qe4+ Kf7 29.
Qd5+ Kf8 30. exd4 Qxh3 31. Qa8+ Kf7 32. Qd5+ Qe6+ 33. Kd3 Qxd5 34. Nxd5 h4 35. Ke4 h3 36. Kf3 g5 37. Ne3 Kg6 38. c4 f5 39. c5 g4+ 40.
Kf2 Bf4 41. Nd5 Kg5 42. b4 g3+ 43. Kf3 g2 44. Nxf4 Kh4 45. Ne2 Kg5 46. d5 f4 47.
d6 1-0

[Event "*** SCC Grand Prix: Titled Tuesday Blitz"]
[Site "Chess.com"]
[Date "2020.08.25"]
[Round "2"]
[White "attack2mateU"]
[Black "BigAl"]
[Result "1-0"]
[WhiteElo "2696"]
[BlackElo "2465"]
[TimeControl "180+1"]
[EndTime "10:19:24 PDT"]
[Termination "attack2mateU won by checkmate"]

1. e4 c6 2. Nc3 d5 3. Nf3 dxe4 4. Nxe4 Nf6 5. Qe2 Be6 6. Nc5 Bc8 7. d4 Nbd7 8. Nd3 Nb6 9. Nde5 h6 10. g3 Bf5 11.
Bg2 e6 12. O-O Be7 13. c4 O-O 14. Rd1 Bh7 15. Bf4 a5 16. Rac1 a4 17. h4 a3 18.
b3 Bb4 19. g4 Ne4 20. Qe3 f6 21. Nd3 Be7 22. Nc5 f5 23. Nxe6 Qc8 24. Nxf8 Qxf8 25.
g5 Re8 26. Ne5 Kh8 27. Bxe4 fxe4 28. g6 Bg8 29. Qxe4 Bxh4 30. Rc3 Nd7 31. Rf3 Nf6 32.
Qe3 Ng4 33. Qd2 Nxf2 34. Rxf2 Bxf2+ 35. Qxf2 Qf5 36. Re1 b5 37. Bg3 Qg5 38. Kg2 bxc4 39. Nf7+ Bxf7 40. Rxe8+ Bg8 41. Rxg8+ Kxg8 42. Qf7+ Kh8 43.
Qf8# 1-0

[Event "*** SCC Grand Prix: Titled Tuesday Blitz"]
[Site "Chess.com"]
[Date "2020.08.25"]
[Round "2"]
[White "ketster"]
[Black "Shivagami"]
[Result "1-0"]
[WhiteElo "2449"]
[BlackElo "2225"]
[TimeControl "180+1"]
[EndTime "10:19:24 PDT"]
[Termination "ketster won by checkmate"]

1. d4 Nf6 2. c4 c5 3. d5 e6 4. Nc3 exd5 5. cxd5 d6 6. e4 g6 7. Nge2 a6 8. a4 Bg7 9. Ng3 O-O 10. Be2 h5 11. O-O h4 12. Nh1 Nh7 13.
Bg4 f5 14. exf5 Bxf5 15. Bxf5 Rxf5 16. Qg4 Kf7 17. Be3 Nd7 18. f4 Qe7 19. Rae1 Re8 20. Nf2 Bd4 21. Bd2 Qd8 22. Ne4 Ndf6 23. Qf3 Nxe4 24.
Rxe4 Rxe4 25. Qxe4 Nf6 26. Qe6+ Kg7 27. Kh1 Rxd5 28.
Ne4 Nxe4 29. Qxd5 Nf2+ 30. Rxf2 Bxf2 31. Bc3+ Kh7 32. Qf7+ Kh6 33. Qg7+ Kh5 34. Qh7+ Kg4 35. Qxg6+ Kxf4 36. Qf7+ Ke3 37. Qf3# 1-0

[Event "*** SCC Grand Prix: Titled Tuesday Blitz"]
[Site "Chess.com"]
[Date "2020.08.25"]
[Round "2"]
[White "viniciusrego"]
[Black "KyronGriffith"]
[Result "1-0"]
[WhiteElo "2225"]
[BlackElo "2419"]
[TimeControl "180+1"]
[EndTime "10:19:25 PDT"]
[Termination "viniciusrego won by resignation"]

1. d4 Nf6 2. c4 e6 3. Nf3 d5 4. g3 Be7 5. Bg2 O-O 6. O-O dxc4 7. Na3 Nc6 8. Nxc4 Bd7 9. Nce5 Be8 10. a3 Rb8 11. b4 a6 12. Qc2 Nxd4 13. Nxd4 Qxd4 14. Bb2 Qb6 15. Rac1 Rc8 16. Rfd1 c5 17. Nc4 Qa7 18. Nd6 Bxd6 19. Rxd6 Bc6 20. Bxc6 Rxc6 21.
Rxc6 bxc6 22. Bxf6 gxf6 23. Qxc5 Qxc5 24. Rxc5 Rc8 25. a4 Rb8 26. Rxc6 Rxb4 27. Rxa6 Rb2 28. e3 Kg7 29. Ra7 Ra2 30. h4 h5 31. Kg2 Rb2 32. Kf3 Ra2 33. Ra8 Ra3 34. a5 Ra2 35. a6 Ra4 36. a7 Ra5 37. Ke4 Ra2 38. Kd4 Ra4+ 39. Kc5 Ra2 40. Kb6 Rb2+ 41. Kc6 Rc2+ 42. Kb5 Rb2+ 43.
Kc4 Ra2 44. Kb3 Ra1 45. Kb2 Ra6 46. Kc2 Ra2+ 47. Kd3 Ra3+ 48. Ke2 Ra2+ 49. Kf3 Ra4 50. Kg2 Ra2 51. Kh3 Ra4 52. f3 Ra3 53. g4 hxg4+ 54. Kxg4 Ra4+ 55. Kg3 Ra2 56. e4 Ra4 57. Kg4 Ra5 58. f4 Ra3 59. h5 Ra5 60. e5 fxe5 61.
fxe5 Kh7 62. h6 Ra1 63. Kg5 Ra5 64. Kf6 Ra6 65. Rf8 Rxa7 66. Rxf7+ 1-0

[Event "*** SCC Grand Prix: Titled Tuesday Blitz"]
[Site "Chess.com"]
[Date "2020.08.25"]
[Round "2"]
[White "JRenatoMaranhao"]
[Black "Nemsko"]
[Result "0-1"]
[WhiteElo "2052"]
[BlackElo "2384"]
[TimeControl "180+1"]
[EndTime "10:19:25 PDT"]
[Termination "Nemsko won on time"]

1. d4 Nf6 2. Bf4 d5 3. e3 e6 4. Nf3 Bd6 5. Bg3 Ne4 6. Bd3 Nd7 7. Nbd2 Ndf6 8. Ne5 c6 9. Bxe4 dxe4 10. c4 Bb4 11.
O-O Bd7 12. a3 Ba5 13. b4 Bc7 14. Qc2 O-O 15. Nxe4 Nxe4 16. Qxe4 f6 17. Nxd7 Bxg3 18. Nxf6+ Rxf6 19. hxg3 Qd7 20. Rab1 Raf8 21. a4 Rh6 22. b5 Qf7 23. bxc6 Qh5 24. Qh4 Qf5 25. Qf4 Qh5 26.
Qh4 Qf5 27. Qxh6 gxh6 28. cxb7 Rb8 29. c5 Qd5 30. Rfc1 Rxb7 31. Rxb7 Qxb7 32. c6 Qc7 33. e4 Kf7 34. f4 Ke7 35. Kf2 Kd8 36. Ke3 Qb6 37. c7+ Kc8 38. Kd3 Qb3+ 39. Rc3 Qxa4 40. d5 exd5 41. exd5 Qd1+ 42. Ke4 Qe1+ 43. Kd4 Qf2+ 0-1

[Event "*** SCC Grand Prix: Titled Tuesday Blitz"]
[Site "Chess.com"]
[Date "2020.08.25"]
[Round "2"]
[White "ZenBull"]
[Black "Bastiandash"]
[Result "0-1"]
[WhiteElo "2106"]
[BlackElo "2400"]
[TimeControl "180+1"]
[EndTime "10:19:26 PDT"]
[Termination "Bastiandash won on time"]

1. Nf3 Nf6 2. c4 e6 3. g3 d5 4. d4 dxc4 5. Bg2 a6 6. O-O b5 7. Ne5 Nd5 8. a4 Bb7 9. b3 cxb3 10. Qxb3 c6 11. Ba3 Bxa3 12. Nxa3 O-O 13. Rfc1 Qe7 14.
Rab1 Nd7 15. Nac4 Nxe5 16. Nxe5 Rfc8 17. Nd3 Nb6 18. Nc5 Ra7 19. a5 Nc4 20. Nxb7 Nd2 21. Qb4 Qxb4 22. Rxb4 Rxb7 23. Rc2 Rd7 24. Rxd2 c5 25.
Rbb2 c4 26. Rbc2 b4 27. e3 c3 28. Rd3 Rdc7 29. Bf1 b3 30. Rc1 g6 31. Rb1 Rb8 32. d5 b2 0-1

[Event "*** SCC Grand Prix: Titled Tuesday Blitz"]
[Site "Chess.com"]
[Date "2020.08.25"]
[Round "2"]
[White "Rytenko_V"]
[Black "VMikhalevski"]
[Result "1-0"]
[WhiteElo "2510"]
[BlackElo "2722"]
[TimeControl "180+1"]
[EndTime "10:19:27 PDT"]
[Termination "Rytenko_V won by checkmate"]

1. Nf3 Nf6 2. c4 g6 3. Nc3 d5 4.
cxd5 Nxd5 5. e4 Nxc3 6. bxc3 c5 7. Bc4 Bg7 8. O-O O-O 9. h3 Nc6 10. Rb1 b6 11. Qe2 Qc7 12. Rd1 Na5 13. Bd5 Rb8 14.
d4 e6 15. Bb3 Nxb3 16. axb3 Re8 17. Bb2 Bb7 18. c4 cxd4 19. Nxd4 a6 20. Rd2 Qf4 21. Re1 Rbd8 22. g3 Qh6 23. Kh2 e5 24. Nf3 Bc8 25. h4 Bg4 26. Rxd8 Rxd8 27. Rd1 Re8 28. Rd3 f5 29.
Kg2 Qh5 30. c5 bxc5 31. Rd6 a5 32. Qc4+ Kh8 33. Ng5 h6 34. Qf7 Rf8 35. Bxe5 Bf3+ 36. Kg1 Rg8 37. Qxg7+ Rxg7 38. Rd8# 1-0

[Event "*** SCC Grand Prix: Titled Tuesday Blitz"]
[Site "Chess.com"]
[Date "2020.08.25"]
[Round "2"]
[White "GMKrikor"]
[Black "GianmarcoVaR"]
[Result "1-0"]
[WhiteElo "2718"]
[BlackElo "2477"]
[TimeControl "180+1"]
[EndTime "10:19:27 PDT"]
[Termination "GMKrikor won by resignation"]

1. e4 c6 2. d4 d5 3. Nc3 dxe4 4. Nxe4 Bf5 5. Ng3 Bg6 6. h4 h6 7. Nf3 Nd7 8. h5 Bh7 9. Bd3 Bxd3 10. Qxd3 e6 11. Bd2 Ngf6 12. O-O-O Qc7 13. Ne4 O-O-O 14. g3 Nxe4 15. Qxe4 Nf6 16. Qe2 Bd6 17. c4 c5 18.
Bc3 Rhe8 19. Kb1 a6 20. dxc5 Bxc5 21. Ne5 Rxd1+ 22. Rxd1 Rd8 23. Rxd8+ Kxd8 24. g4 Ke7 25. f3 Qd6 26. Nd3 b6 27. Kc2 Bd4 28. Bb4 Bc5 29.
Bd2 Nd7 30. b3 a5 31. Qe4 Bd4 32. f4 Nf6 33. Qb7+ Qd7 34. Qf3 Qd6 35. g5 Nd7 36. gxh6 gxh6 37. f5 Qa3 38. Kb1 Nc5 39. Bc1 Nxb3 40. Qb7+ Kf6 41. Bxa3 1-0

[Event "*** SCC Grand Prix: Titled Tuesday Blitz"]
[Site "Chess.com"]
[Date "2020.08.25"]
[Round "2"]
[White "GaboSalazar2001"]
[Black "evgenyermolaev"]
[Result "1-0"]
[WhiteElo "2281"]
[BlackElo "2470"]
[TimeControl "180+1"]
[EndTime "10:19:27 PDT"]
[Termination "GaboSalazar2001 won on time"]

1. e4 d5 2. exd5 Qxd5 3. Nc3 Qe6+ 4. Be2 Qg6 5. Bf3 e5 6. d4 Nc6 7. Bxc6+ Qxc6 8. d5 Qg6 9. Nf3 Qxg2 10. Rg1 Qh3 11. Rg3 Qd7 12. Nxe5 Qd8 13. Qe2 Ne7 14. Bf4 g6 15. Bg5 Bg7 16. Nc4 f6 17. Re3 fxg5 18. d6 cxd6 19. Nd5 O-O 20. Nxe7+ Kh8 21. O-O-O Bf5 22.
Rxd6 Qc7 23. Nxf5 Rxf5 24. Re7 Qc5 25. Rdd7 Rxf2 26. Qd3 Rg8 27. b3 Rxh2 28. c3 Qg1+ 29. Qd1 Qxd1+ 30. Kxd1 h5 31. Ne5 1-0

[Event "*** SCC Grand Prix: Titled Tuesday Blitz"]
[Site "Chess.com"]
[Date "2020.08.25"]
[Round "2"]
[White "korbul"]
[Black "Dannyyi"]
[Result "1-0"]
[WhiteElo "2552"]
[BlackElo "2253"]
[TimeControl "180+1"]
[EndTime "10:19:29 PDT"]
[Termination "korbul won by checkmate"]

1. e4 e5 2. Nf3 Nc6 3. Bb5 a6 4. Ba4 Nf6 5. d3 b5 6. Bb3 Bc5 7. O-O O-O 8. a4 Bb7 9. c3 h6 10. Re1 Re8 11. Nbd2 Bb6 12. Nf1 d5 13. exd5 Nxd5 14.
axb5 axb5 15. Rxa8 Bxa8 16. Ng3 b4 17. Qc2 Na5 18. Ba4 Re6 19. d4 bxc3 20. dxe5 cxb2 21. Bxb2 Nf4 22. Rd1 Qe7 23. Nf5 Qf8 24. N5d4 Rg6 25.
g3 Bxf3 26. Nxf3 Nh3+ 27. Kg2 Nxf2 28. Rd7 Ng4 29. Bc1 Qb4 30. e6 Qf8 31. Rxf7 Kh7 32. Rxf8 Be3 33. Nh4 Bxc1 34. Qxg6# 1-0

[Event "*** SCC Grand Prix: Titled Tuesday Blitz"]
[Site "Chess.com"]
[Date "2020.08.25"]
[Round "2"]
[White "Guenplen"]
[Black "AttackSparrow"]
[Result "0-1"]
[WhiteElo "2888"]
[BlackElo "2359"]
[TimeControl "180+1"]
[EndTime "10:19:30 PDT"]
[Termination "AttackSparrow won on time"]

1. d4 Nf6 2. Bf4 g6 3. Nc3 d5 4. e3 Bg7 5. h4 h5 6. Nf3 O-O 7. Ne5 c5 8. Be2 Nc6 9. Qd2 Qa5 10. a3 Rd8 11. Rd1 cxd4 12. exd4 Bf5 13. O-O Rac8 14. Nxc6 Rxc6 15. Be5 Rdc8 16. Bd3 Bxd3 17.
cxd3 e6 18. Qf4 Qd8 19. f3 Nd7 20. Bxg7 Kxg7 21. g3 Qf6 22. Qe3 Rb6 23. Rf2 Rb3 24.
Rc2 Rc6 25. Rdc1 Qd8 26. Kf2 Qc7 27. Qd2 Qb6 28. Ne2 Rxc2 29. Rxc2 Ne5 30. Nf4 Qxd4+ 31. Qe3 Nxd3+ 32. Nxd3 Qxd3 33. Qe5+ Kh7 34. Rc8 Qxf3+ 35. Ke1 Re3+ 0-1

[Event "*** SCC Grand Prix: Titled Tuesday Blitz"]
[Site "Chess.com"]
[Date "2020.08.25"]
[Round "2"]
[White "freshfoodcompany"]
[Black "Alexsur1981"]
[Result "0-1"]
[WhiteElo "2361"]
[BlackElo "2648"]
[TimeControl "180+1"]
[EndTime "10:19:31 PDT"]
[Termination "Alexsur1981 won by resignation"]

1. d4 d6 2. Nf3 Bg4 3. c4 c6 4. Nc3 Nd7 5. e4 Ngf6 6. Be2 e5 7. O-O Be7 8. h3 Bh5 9. Be3 O-O 10. dxe5 dxe5 11. Qc2 Qc7 12. Rfd1 Bc5 13. Bxc5 Nxc5 14. b4 Ne6 15. Rd2 a5 16. b5 Rad8 17. Rad1 Bxf3 18. Bxf3 Nd4 19. Qd3 Nd7 20. Qe3 Nb6 21. Be2 Qe7 22. bxc6 bxc6 23. Bf1 Qc5 24. Ne2 Nxe2+ 25. Qxe2 Rxd2 26.
Rxd2 g6 27. Kh2 Rb8 28. Rb2 Rd8 29. Rd2 Rd4 30. Rxd4 Qxd4 31. f3 Na4 32. Qd3 Nc3 33. a3 h5 34. Kg3 Kg7 35. Qxd4 exd4 36. Kf2 Nb1 37. Bd3 Nxa3 38. Ke2 Kf6 39. Kd2 Ke5 40. g3 g5 41. Kc1 h4 42. gxh4 gxh4 43. Kb2 Nxc4+ 44.
Bxc4 f6 45. Ka3 Kf4 46. Be6 Kxf3 47. Bd7 d3 48. Bxc6 d2 49. e5+ Ke2 50. Bb5+ Ke1 51.
Ba4 fxe5 52. Bc2 e4 53. Ka4 e3 54. Kxa5 e2 55. Kb4 d1=Q 56. Bxd1 exd1=Q 0-1

[Event "*** SCC Grand Prix: Titled Tuesday Blitz"]
[Site "Chess.com"]
[Date "2020.08.25"]
[Round "2"]
[White "Zmeeed63"]
[Black "googlegoom"]
[Result "1-0"]
[WhiteElo "2267"]
[BlackElo "2438"]
[TimeControl "180+1"]
[EndTime "10:19:31 PDT"]
[Termination "Zmeeed63 won by resignation"]

1. d4 d5 2. c4 c6 3. Nc3 Nf6 4. e3 e6 5. Nf3 Nbd7 6. Bd3 Bd6 7. e4 dxe4 8. Nxe4 Nxe4 9. Bxe4 h6 10. O-O O-O 11.
Bc2 e5 12. Qd3 f5 13. dxe5 Nxe5 14. Nxe5 Bxe5 15. Qb3 Qc7 16. h3 Be6 17. Re1 Rae8 18.
Be3 b6 19. f3 Bh2+ 20. Kh1 Bg3 21. Re2 f4 22. Bd4 c5 23. Be5 Qc8 24. Bd6 Bxh3 25.
Rxe8 Rxe8 26. Qd3 Re6 27. Rd1 Rf6 28. Be5 Bf5 29. Qd5+ Be6 30. Qd3 Bf5 31. Qd5+ Be6 32.
Qd6 Rf8 33. Qe7 Bf7 34. Rd7 Qe8 35. Qd6 Qe6 36. Qxe6 Bxe6 37. Rxg7+ Kh8 38. Rxg3+ 1-0

[Event "*** SCC Grand Prix: Titled Tuesday Blitz"]
[Site "Chess.com"]
[Date "2020.08.25"]
[Round "2"]
[White "Gabrielian_Artur"]
[Black "2346PL"]
[Result "1-0"]
[WhiteElo "2711"]
[BlackElo "2472"]
[TimeControl "180+1"]
[EndTime "10:19:32 PDT"]
[Termination "Gabrielian_Artur won by resignation"]

1. e4 c5 2. Nc3 e6 3. Nge2 d5 4. exd5 exd5 5. d4 Nf6 6. g3 Nc6 7. Bg2 Bg4 8. O-O c4 9. h3 Bf5 10. Nf4 Be4 11. Re1 Be7 12. Nxe4 dxe4 13. c3 O-O 14. Bxe4 Nxe4 15. Rxe4 Qd7 16. Qf3 Rae8 17. Bd2 g5 18. Nh5 f5 19. Re2 Bd8 20. Rae1 Rxe2 21.
Rxe2 h6 22. h4 Qf7 23. hxg5 hxg5 24. d5 g4 25. Qe3 Qxh5 26. dxc6 bxc6 27. Qe6+ Qf7 28.
Qxc6 Bb6 29. Re6 Rd8 30. Bg5 Rd1+ 31. Kg2 Rd7 32. Bf4 Kh7 33. Rh6+ Kg7 34. Be5+ Kf8 35.
Qc8+ Ke7 36. Kg1 Rd1+ 37. Kh2 Rd8 38. Qb7+ Rd7 39. Bd6+ Ke8 40. Rh8+ 1-0

[Event "*** SCC Grand Prix: Titled Tuesday Blitz"]
[Site "Chess.com"]
[Date "2020.08.25"]
[Round "2"]
[White "el-roedor"]
[Black "alexsergeyev"]
[Result "1-0"]
[WhiteElo "2649"]
[BlackElo "2350"]
[TimeControl "180+1"]
[EndTime "10:19:32 PDT"]
[Termination "el-roedor won on time"]

1. d4 d5 2. c4 c6 3. Nf3 Nf6 4. Nc3 dxc4 5. a4 Bg4 6. Ne5 Bh5 7.
Nxc4 e6 8. g3 c5 9. dxc5 Qxd1+ 10.
Nxd1 Bxc5 11. Be3 Na6 12. Bg2 Nd5 13. Bxc5 Nxc5 14. Bxd5 exd5 15. Nd6+ Kd7 16. Nf5 Rhe8 17. Nde3 Bg6 18. Nd4 Re4 19. Rd1 Ne6 20. Nec2 Nxd4 21. Nxd4 Rc8 22. b3 Bh5 23. f3 Re5 24. Kf2 Rc3 25.
Rd2 Bg6 26. Rhd1 a6 27. h4 h6 28. Re1 Ke7 29. e3 Kf6 30. Ree2 Bd3 31. Re1 Bg6 32. Ra1 h5 33. Re1 Bd3 34. f4 Re4 35. Nf3 1-0

[Event "*** SCC Grand Prix: Titled Tuesday Blitz"]
[Site "Chess.com"]
[Date "2020.08.25"]
[Round "2"]
[White "seorobert1971"]
[Black "Chess_Dog06"]
[Result "1-0"]
[WhiteElo "2642"]
[BlackElo "2313"]
[TimeControl "180+1"]
[EndTime "10:19:32 PDT"]
[Termination "seorobert1971 won on time"]

1. c4 Nf6 2. Nc3 c5 3. Nf3 Nc6 4. e3 d5 5. cxd5 Nxd5 6. Bb5 g6 7. O-O Bg7 8. Qa4 Nxc3 9. bxc3 Qc7 10. Ba3 O-O 11.
Bxc5 Ne5 12. Nxe5 Bxe5 13. Qa3 Bxh2+ 14. Kh1 Bd6 15. Bxd6 exd6 16. d4 Be6 17. Rac1 Rfc8 18. Be2 Bc4 19. Bxc4 Qxc4 20. Qxd6 Qxa2 21. Qd7 b6 22. Kg1 Qc4 23. Rfd1 Rd8 24. Qb7 b5 25. d5 a5 26. Rd4 Qc5 27. d6 Rab8 28. Qc7 Qa3 29.
Rcd1 Rbc8 30. Qb6 Qxc3 31. Qxb5 Qc5 32. Qa4 Rc6 33. Rd5 Qb6 34. d7 Rc5 35. Rd6 Qc7 36.
Qe4 Kg7 37. Qd4+ Kg8 38. Qf6 a4 39. R6d3 a3 40. Rxa3 1-0

[Event "*** SCC Grand Prix: Titled Tuesday Blitz"]
[Site "Chess.com"]
[Date "2020.08.25"]
[Round "2"]
[White "tteshan"]
[Black "Dr-Bassem"]
[Result "0-1"]
[WhiteElo "2333"]
[BlackElo "2790"]
[TimeControl "180+1"]
[EndTime "10:19:32 PDT"]
[Termination "Dr-Bassem won on time"]

1. e4 e5 2. Nf3 Nc6 3. Bb5 a6 4.
Ba4 Nf6 5. O-O Be7 6. Re1 b5 7. Bb3 d6 8. c3 O-O 9. h3 Nb8 10. d4 Nbd7 11. a4 Bb7 12. axb5 axb5 13. Rxa8 Qxa8 14.
d5 c6 15. Na3 Nc5 16. Bc2 cxd5 17. exd5 Ba6 18. Be3 Rc8 19. Bb3 Nxb3 20. Qxb3 Qxd5 21. Qxd5 Nxd5 22. Nc2 Nxe3 23. Nxe3 Bb7 24. Nf5 Bf8 25. Nd2 g6 26. Ne3 f5 27. Rd1 Kf7 28. c4 bxc4 29. Nexc4 Ke6 30. b3 d5 31. Ne3 f4 32. Ng4 h5 33.
Nh2 e4 34. Re1 Bb4 35. Nhf1 Rc2 36. Rd1 Ba6 37. Nb1 Ke5 38. Nfd2 Be2 39. Re1 Bxd2 40.
Rxe2 Rc1+ 41. Kh2 Bb4 42. Nd2 Kf5 43. f3 e3 0-1

[Event "*** SCC Grand Prix: Titled Tuesday Blitz"]
[Site "Chess.com"]
[Date "2020.08.25"]
[Round "2"]
[White "Grandmaster2B"]
[Black "Blagorod"]
[Result "1-0"]
[WhiteElo "2410"]
[BlackElo "2141"]
[TimeControl "180+1"]
[EndTime "10:19:32 PDT"]
[Termination "Grandmaster2B won by resignation"]

1. e4 e5 2. Nf3 Nf6 3. Nxe5 d6 4. Nd3 Nxe4 5. Qe2 Qe7 6. Nf4 Nf6 7. d4 Be6 8. Nxe6 fxe6 9. Bg5 Nc6 10. c3 h6 11. Bh4 g5 12. Bg3 O-O-O 13. Nd2 h5 14. h4 g4 15. O-O-O Bh6 16. Kb1 Kb8 17. Nb3 Nd5 18. Qc2 Nb6 19. Bb5 e5 20. d5 Nxd5 21.
Rxd5 Qe6 22. Bxc6 bxc6 23. Rdd1 Kc8 24. Qe4 d5 25. Qxe5 Qxe5 26. Bxe5 Rhf8 27. Bd4 Rd7 28.
Bxa7 Rdf7 29. Bd4 Bf4 30. Rhe1 g3 31. fxg3 Bxg3 32. Re6 Bd6 33. Rh6 Rf5 34. Bc5 Bxc5 35. Nxc5 Rf2 36. Rxc6 Rxg2 37. Ra6 Kd8 38. Ne6+ Ke7 39.
Nxf8 Kxf8 40. Rxd5 Ke7 41. Rxh5 Kd7 42. Rh7+ Kc8 43. Rc6 Rg1+ 44. Kc2 Rg2+ 45. Kb3 1-0

[Event "*** SCC Grand Prix: Titled Tuesday Blitz"]
[Site "Chess.com"]
[Date "2020.08.25"]
[Round "2"]
[White "CzechmVIII"]
[Black "Kassimov_B"]
[Result "0-1"]
[WhiteElo "2168"]
[BlackElo "2416"]
[TimeControl "180+1"]
[EndTime "10:19:33 PDT"]
[Termination "Kassimov_B won on time"]

1. e4 Nf6 2. e5 Nd5 3. d4 d6 4.
Nf3 dxe5 5. Nxe5 c6 6. Bd3 g6 7. O-O Bg7 8. c4 Nf6 9. Be3 O-O 10. Nc3 Nbd7 11. Nf3 Nb6 12. h3 Be6 13. b3 a5 14.
Rc1 a4 15. Qd2 axb3 16. axb3 Bd7 17. Rfe1 Qc8 18. Ne5 Bf5 19. d5 Bxd3 20. Qxd3 Nbd7 21. Nxd7 Qxd7 22. Qc2 cxd5 23. cxd5 Nxd5 24. Nxd5 Qxd5 25. Red1 Qb5 26. Qc7 e6 27. Rd7 Qxb3 28. Qxb7 Qxb7 29. Rxb7 Rac8 30. Rxc8 Rxc8 31. g4 Be5 32. Bh6 Bg7 33. Bxg7 Kxg7 34. h4 Rc4 35. f3 h5 36. gxh5 gxh5 37. Kf2 Rxh4 38. Rb5 Kg6 39. Ra5 Rc4 40. Rb5 Rd4 41. Kg3 Rd5 42. Rb7 f6 43. Rb8 Kf5 44. Rh8 Kg6 45. Rg8+ Kf7 46. Ra8 Rg5+ 47. Kh3 Rc5 48. Rb8 Kg6 49. Rg8+ Kf5 50. Kg3 Ke5 51. Rh8 Kd4 52. Rh6 Rf5 53. Kf2 e5 54. Ke2 e4 55.
fxe4 Kxe4 56. Rh8 Ra5 57. Re8+ Kf4 0-1

[Event "*** SCC Grand Prix: Titled Tuesday Blitz"]
[Site "Chess.com"]
[Date "2020.08.25"]
[Round "2"]
[White "Shota_Azaladze"]
[Black "rynos0411"]
[Result "1-0"]
[WhiteElo "2668"]
[BlackElo "2414"]
[TimeControl "180+1"]
[EndTime "10:19:34 PDT"]
[Termination "Shota_Azaladze won by checkmate"]

1. Nf3 Nf6 2. g3 g6 3. b3 Bg7 4. Bb2 O-O 5. Bg2 d6 6. d4 Nc6 7. c4 e5 8. Nc3 Re8 9. dxe5 dxe5 10. O-O Bf5 11. Ng5 Qe7 12. Qc1 Rad8 13. Nd5 Nxd5 14.
Bxd5 Bh6 15. h4 Kg7 16. Ba3 Qd7 17. Qb2 f6 18. Nf7 Ra8 19. f4 Nd4 20. e3 Ne6 21. Nxh6 Kxh6 22. fxe5 c6 23. e4 Bh3 24. Qd2+ g5 25.
Rxf6+ Kg7 26. hxg5 cxd5 27. exd5 Rad8 28. Qe3 Nf8 29.
Re1 Ng6 30. e6 Qc7 31. Bb2 Kg8 32. Rf7 Re7 33. Rf6 b5 34. Kh2 Bg4 35. Qd4 Rg7 36.
Qxg4 bxc4 37. Qxc4 Qe7 38. Ref1 a5 39. Qd4 a4 40.
Rf7 Rxf7 41. exf7+ Kf8 42. Qg7# 1-0